 Dungeon Crawl Stone Soup version 0.14-a0-2691-g997c442 (webtiles) character file.

141 Psiweapon the Ruffian (level 3, 0/34 HPs)
             Began as a Naga Monk on Feb 18, 2014.
             Slain by a sky beast (6 damage)
             ... on Level 3 of the Dungeon.
             The game lasted 00:07:02 (1788 turns).

Psiweapon the Ruffian (Naga Monk)                   Turns: 1788, Time: 00:07:02

HP   0/34        AC  2     Str 14      XL: 3   Next: 64%
MP   3/3         EV 10     Int 10      God:
Gold 96          SH  0     Dex 13      Spells:  1 memorised,  0 levels left

rFire  . . .     SeeInvis +       - Unarmed
rCold  . . .     Clarity  .     j - +0 leather armour (curse)
rNeg   . . .     Conserve .     (no shield)
rPois  +         rCorr    .     (no helmet)
rElec  .         rRot     .     (no cloak)
SustAb . .       Spirit   .     (no gloves)
rMut   .         Warding  .     (no barding)
Saprov . . .     Stasis   .     (no amulet)
MR     .....                    (no ring)
                                (no ring)

@: very slow, not resistant to hostile enchantments, stealthy
A: spit poison, see invisible, deformed body, poison resistance, slowness 2, AC
+1
a: Spit Poison


You were on level 3 of the Dungeon.
You were hungry.

You visited 1 branch of the dungeon, and saw 3 of its levels.

You collected 96 gold pieces.

Inventory:

Missiles
 c - 4 silver darts (quivered)
 n - 19 poisoned needles
Armour
 a - a +0 robe
 j - a cursed +0 leather armour (worn)
Comestibles
 b - 3 bread rations
 l - a rotting chunk of goblin flesh
 m - a chunk of adder flesh
 p - 2 chunks of hobgoblin flesh
Scrolls
 d - 2 scrolls of identify {unknown}
 e - a scroll of noise {unknown}
 g - a scroll of random uselessness {unknown}
 i - 2 scrolls of remove curse {unknown}
Potions
 f - a potion of paralysis {unknown}
 h - a potion of heal wounds {unknown}
 o - a potion of agility {unknown}
Books
 k - a book of Ice

   Spells                             Type                      Level
   Freezing Aura                      Charms/Ice                   2
   *Ensorcelled Hibernation           Hexes/Ice                    2
   Ozocubu's Refrigeration            Ice                          6
   Bolt of Cold                       Conjuration/Ice              6
   Freezing Cloud                     Conjuration/Ice/Air          6
   Metabolic Englaciation             Hexes/Ice                    5
   Simulacrum                         Ice/Necromancy               6


   Skills:
 + Level 3.5 Fighting
 + Level 2.9 Dodging
 + Level 3.4 Stealth
 + Level 4.2 Unarmed Combat


You couldn't memorise any spells.
You knew the following spells:

 Your Spells              Type           Power        Failure   Level  Hunger
a - Ensorcelled Hibernat  Hex/Ice        #.....       61%         2    ###....


Dungeon Overview and Level Annotations

Branches:
Dungeon (3/16)

Altars:


Innate Abilities, Weirdness & Mutations

You cannot wear boots.
You can spit poison.
Your serpentine skin is tough (AC +1).
You have supernaturally acute eyesight.
Armour fits poorly on your strangely shaped body.
Your system is resistant to poisons.
You cover ground very slowly.


Message History

The sky beast barely misses you.
You hit the sky beast.
The sky beast is moderately wounded.
The sky beast hits you. The sky beast shocks you!
You hit the sky beast.
The sky beast is moderately wounded.
You have got your breath back.
The scorpion stings you!
* * * LOW HITPOINT WARNING * * *
You closely miss the sky beast.
The sky beast is moderately wounded.
The sky beast hits you but does no damage.
The scorpion stings you.
* * * LOW HITPOINT WARNING * * *
You hit the sky beast. Your punch misses the sky beast.
The sky beast is heavily wounded.
The sky beast hits you.
* * * LOW HITPOINT WARNING * * *
The sky beast shocks you!
You die...

#..........# #..........#
#..........# ..
#..<.......##.#
#########..............
...................##.###
#########................
######sI#.....#..
#.@#.I...# #..##s..##
..... ...# ###...##.##
#.... (# #....### ..#...
..#...# . #


You could see a sky beast and a scorpion.

Vanquished Creatures
  An adder (D:2)
  2 giant geckos
  An ooze (D:2)
  A giant cockroach (D:1)
  3 hobgoblins
  4 jackals (D:1)
  2 kobolds
  2 ball pythons (D:2)
  5 bats
  A giant newt (D:1)
  6 goblins
  4 rats
32 creatures vanquished.

Notes
Turn   | Place    | Note
--------------------------------------------------------------
     0 | D:1      | Psiweapon, the Naga Monk, began the quest for the Orb.
     0 | D:1      | Reached XP level 1. HP: 21/21 MP: 1/1
   380 | D:1      | Reached XP level 2. HP: 28/28 MP: 2/2
  1194 | D:2      | Reached XP level 3. HP: 31/34 MP: 3/3
  1490 | D:2      | Learned a level 2 spell: Ensorcelled Hibernation
  1779 | D:3      | Noticed a sky beast
  1788 | D:3      | Slain by a sky beast

Action                   || total
-------------------------++-------
Melee: Unarmed           ||    97
Throw: Dart              ||     4
 Abil: Spit Poison       ||    23
 Stab: Distracted        ||     1
